AoeStats
← SeemsFishy

Nomad

508944354Analyzed
4v4 RM · 7d ago on Sep 24, 2026· 75m 41s· 8 players
Game mode
Random Map
Map size
231×231
Population
200
Speed
Normal
Resources
Standard
Victory
Conquest
Starting age
Dark Age
Ending age
Imperial Age
RankedLock teamsTeams togetherTeam positionsShared explorationLock speedFull tech treeHidden civsTurbo modeCheats
Victory
Defeat
🇩🇪 Burgundians · Germany
1420
+13
🇩🇪 Sicilians · Germany
1374
+15
🇩🇪 Japanese · Germany
1347
+16
🇩🇪 Khmer · Germany
1303
+17
🇬🇧 Wu · United Kingdom
1398
-18
🇳🇱 Turks · Netherlands
1372
-16
🇪🇸 Britons · Spain
1318
-14
🇹🇼 Malians · Taiwan
1301
-13
Aspirante
4:44 Loom
13:32 Feudal Age
17:46 Castle Age
16:20 Fletching
18:36 Bodkin Arrow
18:48 Double-Bit Axe
19:55 Stone Mining
30:41 Bow Saw
30:17 Horse Collar
33:19 Ballistics
32:58 Gold Mining
40:01 Imperial Age
38:11 Padded Archer Armor
40:54 Bracer
42:03 Chemistry
41:58 Leather Archer Armor
44:34 Elite Longbowman
46:11 Wheelbarrow
47:55 Town Watch
49:46 Conscription
61:59 Gold Shaft Mining
62:27 Pikeman
62:53 Arson
63:09 Squires
63:11 Scale Mail Armor
63:21 Forging
63:11 Halberdier
64:22 Hand Cart
64:26 Chain Mail Armor
69:01 Plate Mail Armor
69:06 Iron Casting
68:22 Onager
benno
5:27 Loom
13:48 Feudal Age
14:31 Double-Bit Axe
14:30 Horse Collar
18:28 Wheelbarrow
18:00 Gold Mining
21:58 Castle Age
23:46 Bow Saw
26:36 Imperial Age
24:45 Heavy Plow
24:38 Town Watch
26:13 Padded Archer Armor
29:29 Two-Man Saw
29:19 Hand Cart
34:12 Treadmill Crane
34:43 Masonry
34:33 Stone Mining
34:38 Fletching
37:07 Bombard Tower
38:01 Leather Archer Armor
38:26 Bloodlines
38:29 Scale Barding Armor
38:35 Forging
40:15 Artillery
43:02 Ring Archer Armor
43:05 Capped Ram
44:03 Siege Ram
45:58 Husbandry
49:02 Chain Barding Armor
52:31 Plate Barding Armor
52:32 Iron Casting
53:03 Bodkin Arrow
56:05 Blast Furnace
57:34 Conscription
57:37 Sipahi
63:13 Parthian Tactics
67:51 Hoardings
y3imy3
5:16 Loom
14:29 Feudal Age
23:12 Castle Age
25:04 Double-Bit Axe
26:48 Town Watch
26:29 Man-at-Arms
26:40 Man-at-Arms
29:24 Squires
32:23 Horse Collar
35:25 Wheelbarrow
41:39 Bow Saw
41:32 Scale Mail Armor
41:43 Forging
43:10 Chain Mail Armor
44:15 Iron Casting
45:09 Hand Cart
50:15 Imperial Age
49:21 Stone Mining
49:25 Gold Mining
50:27 Elite Gbeto
51:39 Plate Mail Armor
51:17 Tigui
52:05 Gold Shaft Mining
51:51 Light Cavalry
52:45 Bloodlines
52:44 Scale Barding Armor
53:27 Husbandry
54:46 Conscription
55:42 Farimba
56:04 Chain Barding Armor
56:56 Heavy Camel Rider
58:52 Masonry
59:03 Ballistics
61:08 Plate Barding Armor
60:24 Fletching
SeemsFishy
6:59 Loom
12:58 Feudal Age
15:17 Double-Bit Axe
17:48 Castle Age
15:53 Scale Mail Armor
17:06 Forging
16:57 Gold Mining
18:55 Medium Warships
19:24 Iron Casting
20:04 Bow Saw
21:25 Horse Collar
27:36 Wheelbarrow
27:07 Heavy Plow
26:50 Fishing Lines
28:35 Chain Mail Armor
29:12 Gold Shaft Mining
30:45 Sanctity
30:57 Hand Cart
30:46 Stone Mining
39:02 Imperial Age
38:14 Fletching
40:24 Illumination
40:09 Bodkin Arrow
40:46 Plate Mail Armor
40:22 Elite Fire Archer
41:11 Padded Archer Armor
42:47 Bracer
44:12 Redemption
45:28 Ballistics
46:41 Leather Archer Armor
47:51 Chemistry
47:43 Sitting Tiger
48:01 Red Cliffs Tactics
51:30 Sitting Tiger
53:33 Conscription
54:48 Murder Holes
55:03 Masonry
54:35 Treadmill Crane
[RoI] Dr_Walter
3:45 Loom
13:15 Feudal Age
19:39 Castle Age
17:58 Double-Bit Axe
18:41 Fishing Lines
20:43 Medium Warships
21:29 Horse Collar
25:06 Bow Saw
29:06 Wheelbarrow
29:49 Heavy Plow
30:40 Hand Cart
30:11 Town Watch
30:39 Gold Mining
34:48 Imperial Age
32:33 Guard Tower
32:43 Gambesons
32:58 Squires
33:13 Scale Mail Armor
33:00 Arson
33:50 Forging
33:02 Man-at-Arms
34:22 Chain Mail Armor
34:36 Ballistics
33:44 Long Swordsman
35:33 Iron Casting
35:10 Stone Mining
35:25 Arrowslits
36:46 Chemistry
36:44 Plate Mail Armor
35:44 Two-Handed Swordsman
36:27 Fletching
36:52 Yasama
36:46 Champion
37:35 Capped Ram
38:18 Treadmill Crane
38:44 Pikeman
40:05 Keep
39:42 Masonry
39:51 Murder Holes
39:33 Halberdier
40:51 Kataparuto
42:10 Hoardings
41:51 Bodkin Arrow
43:36 Two-Man Saw
43:13 Conscription
42:57 Bracer
45:06 Blast Furnace
44:18 Onager
46:14 Siege Engineers
46:31 Padded Archer Armor
47:36 Leather Archer Armor
46:53 Elite Skirmisher
49:03 Ring Archer Armor
60:34 Gold Shaft Mining
61:35 Thumb Ring
71:03 Shipwright
70:51 Scale Barding Armor
70:49 Town Patrol
72:51 Husbandry
73:01 Bloodlines
72:11 Light Cavalry
74:02 Chain Barding Armor
73:57 Fortified Wall
73:57 Clinker Construction
[RoI] TheHound
11:23 Loom
14:29 Feudal Age
14:21 Double-Bit Axe
14:18 Horse Collar
15:38 Bow Saw
18:32 Heavy Plow
18:27 Gold Mining
18:36 Stone Mining
21:18 Castle Age
20:24 Gold Shaft Mining
20:27 Stone Shaft Mining
20:32 Fishing Lines
22:34 Wheelbarrow
22:51 Town Watch
27:31 Scale Barding Armor
27:37 Forging
29:43 Chain Barding Armor
29:59 Iron Casting
35:44 Imperial Age
36:57 Conscription
37:25 Elite Coustillier
38:11 Burgundian Vineyards
38:45 Plate Barding Armor
39:11 Blast Furnace
38:30 Onager
40:16 Hand Cart
41:16 Conscription
56:39 Fletching
56:50 Padded Archer Armor
57:32 Bodkin Arrow
57:29 Elite Skirmisher
60:41 Bracer
60:57 Leather Archer Armor
62:54 Chemistry
62:15 Ballistics
68:25 Husbandry
67:47 Light Cavalry
70:27 Town Patrol
74:53 Hussar
[RoI] TheBeast
4:03 Loom
13:30 Feudal Age
14:06 Double-Bit Axe
15:47 Town Watch
21:18 Castle Age
19:42 Horse Collar
22:05 Fletching
25:09 Wheelbarrow
25:10 Bow Saw
26:57 Heavy Plow
27:51 Hand Cart
28:36 Gold Mining
30:02 Hand Cart
34:25 Ballistics
34:39 Scale Barding Armor
36:42 Bloodlines
36:32 Husbandry
37:12 Light Cavalry
41:25 Imperial Age
39:30 Bodkin Arrow
40:40 Chain Barding Armor
40:30 Forging
42:30 Conscription
42:12 Bracer
43:25 Hussar
45:45 Medium Warships
46:20 Crop Rotation
46:19 Elite Ballista Elephant
48:49 Iron Casting
49:55 Gold Shaft Mining
51:12 Plate Barding Armor
53:52 Blast Furnace
61:31 Tusk Swords
61:36 Double Crossbow
73:27 Chemistry
[RoI] MicKey
9:41 Loom
12:27 Feudal Age
12:57 Town Watch
21:17 Castle Age
20:21 Double-Bit Axe
21:16 Fletching
28:18 Stone Mining
29:13 Bodkin Arrow
35:42 Town Patrol
41:54 Bow Saw
41:25 Horse Collar
44:43 Heavy Plow
47:40 Wheelbarrow
53:40 Imperial Age
53:24 Husbandry
53:35 Bloodlines
53:57 Scale Barding Armor
54:37 Forging
53:56 Cavalier
54:58 Chain Barding Armor
55:04 Chain Barding Armor
56:32 Plate Barding Armor
56:21 Hauberk
57:40 Scale Mail Armor
57:42 Squires
57:04 Pikeman
58:35 Hand Cart
58:52 Crop Rotation
58:05 Halberdier
59:01 Chain Mail Armor
59:22 Iron Casting
59:24 Gambesons
60:04 Light Cavalry
62:44 Plate Mail Armor
63:15 Blast Furnace
61:49 Capped Ram
66:56 Conscription
69:10 Caravan
Connection lost

Rejoining the realm…

Still unreachable

The connection could not be restored.

Session expired

The server has moved on; the page needs a fresh start.